 Dungeon Crawl Stone Soup version 0.29.0-4-gdea44cf6ec (webtiles) character file.

Game seed: 12560750479070850152

504 ProzacElf the Chiller (level 7, -1/59 HPs)
             Began as a Ghoul Ice Elementalist on Aug 27, 2022.
             Was a High Priest of Ignis.
             Slain by a gnoll
             ... wielding a +0 whip
             ... led by a gnoll bouda
              (4 damage)
             ... on level 4 of the Dungeon.
             The game lasted 00:08:06 (3385 turns).

ProzacElf the Chiller (Ghoul Ice Elementalist)      Turns: 3385, Time: 00:08:07

Health: -1/59      AC:  5    Str: 14    XL:     7   Next: 17%
Magic:  8/8        EV: 11    Int: 10    God:    Ignis [*****.]
Gold:   183        SH:  2    Dex:  9    Spells: 5/9 levels left

rFire   + . .      SeeInvis .   a - +1 dagger (elec)
rCold   + . .      Faith    .   m - +0 buckler
rNeg    + + +      Spirit   .   f - +0 leather armour
rPois   ∞          Reflect  .   (no helmet)
rElec   .          Harm     .   n - +1 cloak
rCorr   .          Rampage  .   (no gloves)
Will    .....                   (no boots)
Stlth   ++........              l - amulet of regeneration
HPRegen 0.00/turn               (no ring)
MPRegen 0.11/turn               (no ring)

@: inhibited regen
A: claws 1, cold resistance 1, negative energy resistance 3, inhibited
regeneration, torment resistance 2, devour on kill
a: Renounce Religion, Fiery Armour, Foxfire Swarm, Rising Flame


You were on level 4 of the Dungeon.
You worshipped Ignis.
Ignis was extremely pleased with you.
You visited 1 branch of the dungeon, and saw 4 of its levels.

You collected 183 gold pieces.

Inventory:

Hand Weapons
 a - a +1 dagger of electrocution (weapon)
 h - a +0 short sword
 o - a +2 scythe of venom
Missiles
 q - 4 datura-tipped darts (quivered)
Armour
 f - a +0 leather armour (worn)
 g - a +1 plate armour of willpower
 k - a scarf of invisibility
 m - a +0 buckler (worn)
 n - a +1 cloak (worn)
Jewellery
 l - an amulet of regeneration (around neck)
Wands
 r - a wand of charming (8)
Scrolls
 e - 3 scrolls of teleportation {unknown}
 i - 5 scrolls of identify {unknown}
 j - a scroll of magic mapping {unknown}
 p - a scroll of blinking {unknown}
 s - a scroll of poison {unknown}
Potions
 b - 3 potions of magic
 c - a potion of curing
 d - a potion of might


   Skills:
 + Level 4.3 Fighting
 + Level 4.1 Dodging
 - Level 5.0 Stealth
 - Level 1.7 Spellcasting
 - Level 5.0 Ice Magic


You had 5 spell levels left.
You knew the following spells:

 Your Spells              Type           Power      Damage    Failure   Level
a - Freeze                Ice            40%        1d6       7%          1
b - Ozocubu's Armour      Ice            10%        N/A       22%         3

Your spell library contained the following spells:

 Spells                   Type           Power      Damage    Failure   Level
 Frozen Ramparts          Ice            20%        1d4       22%         3
 Apportation              Tloc           0%         N/A       50%         1
 Necrotise                Necr           0%         1d4       50%         1
 Summon Small Mammal      Summ           0%         N/A       50%         1
 Ignite Poison            Fire/Tmut/Pois 0%         N/A       86%         3
 Mephitic Cloud           Conj/Pois/Air  0%         N/A       86%         3
 Tukima's Dance           Hex            0%         N/A       86%         3
 Hailstorm                Conj/Ice       5%         3d4       89%         4
 Passage of Golubria      Tloc           0%         N/A       99%         4
 Freezing Cloud           Conj/Ice/Air   2%         6-21      100%        5
 Yara's Violent Unravell  Hex/Tmut       0%         3d3       100%        5


Dungeon Overview and Level Annotations

Branches:
Dungeon (4/15)             Temple (0/1) D:4

Altars:
Xom
Ignis


Innate Abilities, Weirdness & Mutations

You are immune to poison.
You have sharp fingernails.
Your flesh is cold resistant. (rC+)
You are immune to negative energy. (rN+++)
You do not regenerate when monsters are visible.
You are immune to unholy pain and torment.
You thrive by killing the living.


Message History

Tha gnoll hits ye but does nay damage.
Tha gnoll bouda hits ye wit' a +0 club!
Ye take 14 damage, an' haf 22/59 hp.
MASSIVE DAMAGE!!
Ye be too injured ta fight recklessly!
Ye be too injured ta fight recklessly!
Tha gnoll bouda attacks as ye move away!
Tha gnoll bouda hits ye wit' a +0 club.
Ye take 3 damage, an' haf 19/59 hp.
Tha gnoll bouda attacks as ye move away!
Ye block tha gnoll bouda's attack.
Tha gnoll hits ye wit' a +0 club.
* * * LOW HITPOINT WARNIN'
* * * Ye take 5 damage, an' haf 14/59 hp.
Tha gnoll attacks as ye move away!
Tha gnoll closely misses ye.
Tha gnoll attacks as ye move away!
Tha gnoll hits ye wit' a +0 whip!
* * * LOW HITPOINT WARNIN'
* * * Ye take 7 damage, an' haf 7/59 hp.
Tha gnoll attacks as ye move away!
Tha gnoll hits ye wit' a +0 club.
* * * LOW HITPOINT WARNIN'
* * * Tha gnoll attacks as ye move away!
Tha gnoll hits ye wit' a +0 whip.
* * * LOW HITPOINT WARNIN'
* * * Tha gnoll bouda gazes fiercely through ye!
Ye feel yer attacks grow feeble.
Ye take 4 damage, an' haf 3/59 hp.
It was a potion o' curin'.
Ye feel better.
Tha gnoll barely misses ye.
Tha gnoll hits ye from afar wit' a +0 spear.
* * * LOW HITPOINT WARNIN'
* * * Tha gnoll barely misses ye.
Tha gnoll bouda barely misses ye.
Tha gnoll barely misses ye.
Tha gnoll attacks as ye move away!
Tha gnoll hits ye wit' a +0 club.
* * * LOW HITPOINT WARNIN'
* * * Tha gnoll attacks as ye move away!
Tha gnoll closely misses ye.
Yer attacks nay longer feel as feeble.
Tha gnoll closely misses ye.
Ye take 1 damage, an' haf 3/59 hp.
Tha gnoll attacks as ye move away!
Tha gnoll completely misses ye.
Tha gnoll be nay longer movin' quickly.
Tha gnoll bouda barks out a call ta tha hunt!
Tha gnoll picks up tha pace!
Tha gnoll attacks as ye move away!
Tha gnoll misses ye.
Tha gnoll misses ye.
Tha gnoll hits ye wit' a +0 whip.
Ye die...

##...........
##............
##.............
#..............
##..............
##g..............
#.g..............
#####g...............
#...@g.......>.......
#.............))......
#..###.................
#. #..................
#..................
...................
...................#
..................##
#####...............##


You could see a gnoll bouda and 3 gnolls.

Vanquished Creatures
  Sigmund (D:2)
  A bullfrog (D:4)
  3 scorpions (D:4)
  5 adders
  A dart slug (D:3)
  2 bats
  8 endoplasms
  3 giant cockroaches
  5 goblins
  7 hobgoblins
  3 quokkas
  5 ball pythons
  3 frilled lizards
  5 kobolds
  7 rats
59 creatures vanquished.

Notes
Turn   | Place    | Note
-------+----------+-------------------------------------------
     0 | D:1      | ProzacElf the Ghoul Ice Elementalist began the quest for
                  | the Orb.
     0 | D:1      | Reached XP level 1. HP: 14/14 MP: 2/2
   209 | D:1      | Reached XP level 2. HP: 19/20 MP: 3/3
   285 | D:1      | HP: 1/20 [goblin/+1 dagger of electrocution (19)]
  1378 | D:2      | Reached XP level 3. HP: 26/26 MP: 2/4
  1547 | D:2      | Noticed Sigmund
  1561 | D:2      | Killed Sigmund
  1562 | D:2      | Reached skill level 5 in Stealth
  1562 | D:2      | Reached skill level 5 in Ice Magic
  1562 | D:2      | Reached XP level 4. HP: 4/36 MP: 1/5
  1562 | D:2      | Reached XP level 5. HP: 5/41 MP: 1/6
  1565 | D:2      | HP: 1/41 [ball python (2)]
  1684 | D:2      | Found a faded altar of an unknown god.
  1703 | D:2      | Prayed at the altar of an unknown god.
  1703 | D:2      | Became a worshipper of Ignis, the Dying Flame
  1947 | D:2      | Learned a level 3 spell: Ozocubu's Armour
  2013 | D:2      | Reached XP level 6. HP: 48/50 MP: 7/7
  2751 | D:4      | Found a staircase to the Ecumenical Temple.
  3180 | D:4      | Reached XP level 7. HP: 35/59 MP: 8/8
  3286 | D:4      | Found a shimmering altar of Xom.
  3385 | D:4      | Slain by a gnoll

Illustrated notes

Levels and vault maps discovered:
D:1:      dpeg_arrival_central, layout_basic, chequers_jeans, glass_columns_b
D:2:      layout_loops_cross, hellmonk_ecumenical_altar_pennies_from_heaven,
          uniq_sigmund
D:3:      layout_loops_cross, nicolae_elyvilon_peaceful_grove, minivault_11,
          grunt_ministairs_2, small_statue_intersection, chequers_arboretum,
          st_stairs_12, minmay_misc_feat_diagonals
D:4:      layout_layer_cave, lemuel_round_altar, minmay_temple_entry_ruins

Skill      XL: |  1  2  3  4  5  6  7 |
---------------+----------------------+-----
Stealth        | 3 5 |  5.0
Ice Magic      | 5 |  5.0
Fighting       | 2 4 |  4.3
Dodging        | 2 3 4 |  4.1
Spellcasting   | |  1.7

Action                   |  1- 3 |  4- 6 |  7- 9 || total
-------------------------+-------+-------+-------++-------
Melee: Unarmed           |    14 |       |       ||    14
       Short sword       |    10 |       |       ||    10
       Dagger            |    45 |   151 |    24 ||   220
 Cast: Freeze            |     7 |     1 |       ||     8
  Use: Potion            |       |     1 |     1 ||     2
 Stab: Sleeping          |     3 |     5 |       ||     8
Armor: Robe              |     6 |       |       ||     6
       Leather armour    |     6 |    44 |    11 ||    61
Dodge: Dodged            |    36 |    84 |    26 ||   146
Block: Buckler           |     2 |    16 |     3 ||    21
